AoeStats
← Rien

MegaRandom

509135103Analyzed
3v3 RM · 8d ago on Sep 25, 2026· 45m 34s· 6 players
Game mode
Random Map
Map size
Normal (6 player)
Population
200
Speed
Normal
Resources
Standard
Victory
Conquest
Starting age
Dark Age
Ending age
Imperial Age
RankedLock teamsTeams togetherTeam positionsShared explorationLock speedFull tech treeHidden civsTurbo modeCheats
Victory
Defeat
🇺🇸 Italians · United States
775
+11
🇲🇽 Tatars · Mexico
771
+11
🇫🇷 Franks · France
576
+19
🇩🇪 Saxons · Germany
678
-24
🇫🇷 Portuguese · France
659
-14
610
-12
[B2L]Rackam
10:45 Feudal Age
11:12 Double-Bit Axe
12:03 Gold Mining
14:19 Wheelbarrow
16:27 Scale Mail Armor
21:32 Castle Age
21:18 Stone Mining
23:07 Bow Saw
24:13 Pikeman
29:58 Stone Shaft Mining
33:20 Ballistics
-V- РОЗОВЫЙ НЕЖДАН
13:00 Feudal Age
13:28 Double-Bit Axe
13:25 Horse Collar
20:57 Arson
23:52 Forging
28:18 Castle Age
29:50 Man-at-Arms
31:12 Bow Saw
36:59 Heavy Plow
joerg_horstmann
11:55 Feudal Age
12:01 Man-at-Arms
23:59 Gold Mining
24:03 Arson
28:43 Horse Collar
29:38 Padded Archer Armor
37:45 Castle Age
38:41 Elite Skirmisher
39:27 Thumb Ring
41:07 Fletching
41:45 Bodkin Arrow
42:34 Guard Tower
42:45 Murder Holes
Rien
1:19 Loom
11:17 Feudal Age
11:23 Man-at-Arms
12:06 Double-Bit Axe
13:26 Scale Mail Armor
18:39 Wheelbarrow
20:33 Scale Barding Armor
21:26 Forging
25:15 Castle Age
25:42 Gold Mining
25:47 Stone Mining
26:14 Hand Cart
25:26 Light Cavalry
25:28 Pikeman
26:10 Squires
28:50 Iron Casting
30:42 Chain Mail Armor
30:19 Town Watch
33:46 Gold Shaft Mining
33:21 Husbandry
33:52 Bow Saw
36:17 Town Patrol
39:45 Caravan
44:27 Imperial Age
44:33 Ballistics
44:10 Murder Holes
43:57 Treadmill Crane
44:27 Masonry
dakce90
11:26 Feudal Age
10:02 Loom
12:44 Double-Bit Axe
13:10 Town Watch
13:38 Horse Collar
15:25 Forging
19:13 Castle Age
18:29 Fletching
19:28 Bloodlines
20:00 Bodkin Arrow
20:48 Horse Collar
21:25 Bow Saw
21:44 Padded Archer Armor
23:31 Gold Mining
26:07 Leather Archer Armor
26:33 Husbandry
30:53 Wheelbarrow
30:57 Iron Casting
32:04 Ballistics
33:19 Masonry
33:18 Light Cavalry
38:22 Imperial Age
Blackjack
1:56 Loom
2:32 Loom
14:00 Feudal Age
14:37 Double-Bit Axe
19:59 Castle Age
18:00 Horse Collar
22:04 Wheelbarrow
21:15 Town Watch
21:36 Heavy Plow
21:31 Stone Mining
22:21 Bow Saw
23:34 Gold Mining
24:22 Stone Shaft Mining
25:29 Man-at-Arms
26:07 Treadmill Crane
26:47 Ballistics
27:48 Murder Holes
31:46 Imperial Age
29:44 Thumb Ring
31:30 Hand Cart
31:55 Town Patrol
34:06 Fletching
34:17 Padded Archer Armor
35:07 Squires
34:27 Man-at-Arms
34:52 Arson
35:32 Conscription
35:53 Crop Rotation
36:29 Two-Man Saw
35:10 Long Swordsman
35:10 Pikeman
36:22 Bodkin Arrow
35:56 Two-Handed Swordsman
37:41 Forging
37:31 Scale Mail Armor
37:17 Champion
39:08 Iron Casting
39:27 Chain Mail Armor
39:12 Bracer
39:45 Elite Genoese Crossbowman
41:50 Leather Archer Armor
42:06 Plate Mail Armor
42:39 Blast Furnace
41:07 Champion
45:01 Blast Furnace
44:32 Ring Archer Armor
45:59 Silk Road
45:52 Pirotechnia
46:18 Hoardings
46:45 Chemistry
45:55 Masonry
45:50 Caravan
46:21 Coinage
46:02 Guilds
Connection lost

Rejoining the realm…

Still unreachable

The connection could not be restored.

Session expired

The server has moved on; the page needs a fresh start.